 Dungeon Crawl Stone Soup version 0.23-a0-396-g5214e5f (webtiles) character file.

51 MisterFreud the Skirmisher (level 3, -3/36 HPs)
             Began as a Minotaur Abyssal Knight on Nov 2, 2018.
             Was a Follower of Lugonu.
             Slain by a goblin (6 damage)
             ... led by Robin
             ... on level 2 of the Dungeon.
             The game lasted 00:01:52 (902 turns).

MisterFreud the Skirmisher (Minotaur Abyssal Knight) Turns: 902, Time: 00:01:53

Health: -3/36      AC:  3    Str: 17    XL:     3   Next: 57%
Magic:  3/3        EV: 11    Int:  9    God:    Lugonu [*.....]
Gold:   50         SH:  0    Dex:  9    Spells: 2/2 levels left

rFire    . . .     SeeInvis .   a - +1 falchion
rCold    . . .     Gourm    +   (no shield)
rNeg     . . .     Faith    .   b - +0 leather armour
rPois    +         Spirit   .   (helmet restricted)
rElec    .         Reflect  .   (no cloak)
rCorr    .         Harm     .   (no gloves)
MR       +....                  (no boots)
Stlth    +.........             g - amulet of the gourmand
HPRegen  0.12/turn              l - ring of poison resistance
MPRegen  0.08/turn              m - ring of protection from magic

@: no status effects
A: retaliatory headbutt, horns 2
a: Depart the Abyss, Renounce Religion


You were on level 2 of the Dungeon.
You worshipped Lugonu.
Lugonu was aware of your devotion.
You were not hungry.

You visited 1 branch of the dungeon, and saw 2 of its levels.
You visited the Abyss 1 time.

You collected 50 gold pieces.

Inventory:

Hand Weapons
 a - a +1 falchion (weapon)
Missiles
 e - 62 stones (quivered)
 f - 13 sling bullets
Armour
 b - a +0 leather armour (worn)
Jewellery
 g - an amulet of the gourmand (around neck)
 l - a ring of poison resistance (left hand)
 m - a ring of protection from magic (right hand)
Scrolls
 d - 3 scrolls of identify {unknown}
 h - a scroll of fog {unknown}
 k - 3 scrolls of magic mapping {unknown}
 n - a scroll of teleportation {unknown}
Potions
 i - 2 potions of haste {unknown}
 j - 2 potions of might {unknown}
Comestibles
 c - 2 rations


   Skills:
 + Level 5.6 Fighting
 - Level 2.4 Long Blades
 - Level 2.4 Armour
 - Level 1.1 Dodging
 - Level 1.7 Invocations


You had 2 spell levels left.
You didn't know any spells.
Your spell library was empty.

Dungeon Overview and Level Annotations

Branches:
Dungeon (2/15)

Altars:

Annotations:
D:2 Robin


Innate Abilities, Weirdness & Mutations

You reflexively headbutt those who attack you in melee.
You have a pair of horns on your head.


Message History

The leopard gecko is lightly wounded.
The leopard gecko bites you but does no damage.
You hit the leopard gecko.
You kill the leopard gecko!
Lugonu accepts your kill.
The hobgoblin no longer looks unusually strong.
The goblin hits you.
* * * LOW HITPOINT WARNING * * *
You slash the goblin!
You kill the goblin!
Lugonu accepts your kill.
The hobgoblin no longer looks unusually strong.
Robin throws the goblin at you! The goblin hits you but does no damage.
Robin roars a battlecry!
The hobgoblins go into a battle-frenzy!
The goblin hits you.
* * * LOW HITPOINT WARNING * * *
You see here a goblin corpse.
The goblin hits you.
You die...

##........## #..........#
. #..........# ..
#..........# ...
#..........# ....
##..........# g....
##....>.....####g.....
####..#........#gg)g.....
.....#.........@g###.....
...............## #.#
###......<....#
#.....>.....#
#...†.......#
#.#..........# .#
#.##.........# .#
#.##########... .## #.#
..


You could see 4 hobgoblins and 2 goblins.

Vanquished Creatures
  An adder (D:2)
  A dart slug (D:1)
  2 leopard geckos
  5 bats (D:1)
  A giant cockroach (D:2)
  7 goblins
  3 hobgoblins (D:1)
  2 jackals (D:2)
  4 kobolds
  4 frilled lizards
  3 rats (D:1)
33 creatures vanquished.

Notes
Turn   | Place    | Note
-------+----------+-------------------------------------------
     0 | Abyss:1  | MisterFreud the Minotaur Abyssal Knight began the quest for
                  | the Orb.
     0 | Abyss:1  | Reached XP level 1. HP: 19/19 MP: 1/1
    61 | Abyss:1  | Noticed a small abomination
    62 | D:1      | Escaped the Abyss
   168 | D:1      | Reached * piety under Lugonu
   251 | D:1      | Reached skill level 4 in Fighting
   304 | D:1      | Reached XP level 2. HP: 25/28 MP: 2/2
   576 | D:1      | Reached skill level 5 in Fighting
   838 | D:2      | Reached XP level 3. HP: 36/36 MP: 3/3
   889 | D:2      | Noticed Robin
   902 | D:2      | Slain by a goblin

Vault maps used:
D:1:      saegor_arrival_simple_a, minmay_splitting_lines
D:2:      first_ration, item_on_display_a, uniq_robin

Skill      XL: |  1  2 |
---------------+-------+-----
Fighting       | 4 5 |  5.6
Long Blades    | |  2.4
Armour         | |  2.4
Dodging        | |  1.1
Invocations    | |  1.7

Action                   || total
-------------------------++-------
Melee: Falchion          ||    66
       Headbutt          ||    10
Invok: Depart the Abyss  ||     1
Armor: Leather armour    ||    21
Dodge: Dodged            ||    51
       Rpst.: Falchion   ||    12

Table legend:
 A = Non-vault XP
 B = Vault XP
 C = Vault XP percentage of total XP
 D = Non-vault monster count
 E = Vault monster count
 F = Vault count percentage of total count
                 A         B        C        D         E       F
            +---------+---------+-------+---------+---------+-------
      Total |      64 |       9 |  12.3 |      28 |       5 |  15.2
            +---------+---------+-------+---------+---------+-------
        D:1 |      36 |       0 |   0.0 |      20 |       0 |   0.0
        D:2 |      28 |       9 |  24.3 |       8 |       5 |  38.5
            +---------+---------+-------+---------+---------+-------
